 Dungeon Crawl Stone Soup version 0.25-a0-10-g2fe12d4386 (webtiles) character file.

Game seed: 17370756489946181548, levelgen mode: deterministic

2386 MrRokkomies the Arsonist (level 9, 0/45 HPs)
             Began as a Deep Elf Fire Elementalist on Oct 15, 2019.
             Was a High Priest of Cheibriados.
             Slain by a two-headed ogre
             ... wielding a +0 dire flail
              (6 damage)
             ... on level 9 of the Dungeon.
             The game lasted 00:27:51 (7607 turns).

MrRokkomies the Arsonist (DEFE)                     Turns: 7607, Time: 00:27:53

Health: 0/45       AC:  7    Str: 17    XL:     9   Next: 22%
Magic:  18/18      EV: 20    Int: 37    God:    Cheibriados [*****.]
Gold:   328        SH:  0    Dex: 26    Spells: 4/18 levels left

rFire    + . .     SeeInvis .   F - +2 morningstar (distort)
rCold    . . .     Gourm    .   (no shield)
rNeg     . . .     Faith    .   B - +0 robe (curse)
rPois    .         Spirit   .   D - +2 helmet {Int+3}
rElec    .         Reflect  .   (no cloak)
rCorr    .         Harm     .   h - +1 pair of gloves
MR       .....                  (no boots)
Stlth    +++.......             r - amulet of magic regeneration
HPRegen  0.15/turn              i - ring of protection from fire
MPRegen  0.41/turn              o - +3 ring of evasion

@: very slow
A: no striking features
a: Bend Time, Temporal Distortion, Slouch, Step From Time, Renounce Religion


You were on level 9 of the Dungeon.
You worshipped Cheibriados.
Cheibriados was extremely pleased with you.
You were hungry.

You visited 1 branch of the dungeon, and saw 8 of its levels.
You also visited: Sewer.

You collected 328 gold pieces.

Inventory:

Hand Weapons
 a - a +1 long sword
 F - a +2 morningstar of distortion (weapon)
Missiles
 d - a throwing net
 f - 6 javelins (quivered)
 k - 30 poisoned darts
 t - 56 sling bullets
Armour
 h - a +1 pair of gloves (worn)
 B - a cursed +0 robe (worn)
 D - a +2 helmet of intelligence (worn)
Magical Staves
 b - an uncursed staff of fire
Jewellery
 i - a ring of protection from fire (left hand)
 o - a +3 ring of evasion (right hand)
 r - an amulet of magic regeneration (around neck)
 z - an uncursed ring of fire {unknown}
 G - an uncursed ring of protection from cold
Wands
 j - a wand of iceblast (7)
 u - a wand of flame (30)
Scrolls
 l - 4 scrolls of fear
 n - 2 scrolls of remove curse
 y - a scroll of magic mapping
 C - a scroll of teleportation
 H - a scroll of identify
Potions
 e - a potion of cancellation
 g - 3 potions of flight
 m - a potion of ambrosia {unknown}
 p - a potion of mutation {unknown}
 q - a potion of degeneration {unknown}
 s - a potion of might {unknown}
 v - 4 potions of brilliance
 w - 2 potions of magic {unknown}
 x - a potion of lignification {unknown}
 A - 3 potions of curing
 E - a potion of agility {unknown}
Comestibles
 c - 12 rations


   Skills:
 + Level 5.1 Dodging
 - Level 2.4 Stealth
 - Level 5.0 Spellcasting
 * Level 8.9 Conjurations
 * Level 9.4 Fire Magic


You had 4 spell levels left.
You knew the following spells:

 Your Spells              Type           Power        Failure   Level  Hunger
a - Flame Tongue          Conj/Fire      #####        1%          1    None
b - Conjure Flame         Conj/Fire      ######..     1%          3    None
c - Inner Flame           Hex/Fire       #####...     1%          3    None
d - Confusing Touch       Hex            #.....       3%          1    None
e - Blink                 Tloc           N/A          5%          2    None
f - Sticky Flame          Conj/Fire      ######..     1%          4    ###....

Your spell library contained the following spells:

 Spells                   Type           Power        Failure   Level  Hunger
 Magic Dart               Conj           ####         1%          1    None
 Throw Flame              Conj/Fire      ######       1%          2    None
 Mephitic Cloud           Conj/Pois/Air  ####....     3%          3    None
 Call Imp                 Summ           #.......     5%          2    None
 Slow                     Hex            #.......     5%          2    None
 Confuse                  Hex            #.......     11%         3    None
 Gell's Gravitas          Tloc           #.........   11%         3    None
 Petrify                  Tmut/Erth      #.......     34%         4    ###....
 Fireball                 Conj/Fire      ######....   2%          5    #####..
 Metabolic Englaciation   Hex/Ice        #.........   69%         5    #####..
 Yara's Violent Unravell  Hex/Tmut       #.........   69%         5    #####..


Dungeon Overview and Level Annotations

Branches:
Dungeon (7/15)             Temple (0/1) D:4           Sewer (visited)

Altars:
Cheibriados
Fedhas
Gozag
Hepliaklqana
Makhleb
Xom
The Shining One

Shops:
D:5 :

Annotations:
D:3 2 runed translucent doors, MalarOregon's ghost, amateur DrCj


Message History

You feel sick.
You feel sick.
You are no longer poisoned.
You fall into a shaft and drop 2 floors!
The shaft crumbles and collapses.
Found a ring mail and a scroll of fog.
A two-headed ogre comes into view.
It is wielding a +0 dire flail and a +0 giant club.
An iguana and a troll come into view.
The iguana hisses angrily.
A hound comes into view.
The two-headed ogre moves out of view.
The two-headed ogre shouts in stereo!
A scorpion comes into view.
The iguana bites you.
An orc comes into view. It is wielding a +0 club.
The two-headed ogre hits you with a +0 dire flail!!
Ouch! That really hurt!
* * * LOW HITPOINT WARNING * * *
The two-headed ogre hits you with a +0 giant club.
You die...

###.###..
....#..##
.........
.........
##........
#####.........
##..#............h
#.......@l......#
.......##O......#
.......#[...?..##
.......#....#...#
s........#..##....
.......####.. ..#.
.o.##.. .## ...
... ..# .# .T s##
.#


You could see a two-headed ogre, an iguana and an orc (wandering).

Vanquished Creatures
  An unseen horror (D:6)
  Sigmund (D:6)
  Purgy (Sewer)
  An orc warrior (D:6)
  An ogre (D:6)
  2 phantoms
  2 centaurs (D:6)
  A scorpion (D:4)
  2 wights (D:7)
  2 crimson imps
  A hound (D:2)
  An orc priest (D:4)
  A jelly (D:5)
  2 bullfrog skeletons
  A centaur skeleton (D:5)
  3 iguanas
  Ijyb (D:3)
  4 orc wizards
  7 worker ants
  9 gnolls
  2 worker ant zombies (D:6)
  9 adders
  3 oozes
  6 worms
  2 dart slugs
  4 leopard geckos
  23 orcs
  2 ball pythons
  15 bats
  9 giant cockroaches
  7 hobgoblins
  6 jackals
  13 kobolds
  3 quokkas
  8 frilled lizards
  4 goblins
  2 jackal skeletons
  A jackal zombie (D:5)
  13 rats
176 creatures vanquished.

Vanquished Creatures (others)
  An orc (D:6)
  A jackal (D:6)
  A quokka (D:6)
3 creatures vanquished.

Grand Total: 179 creatures vanquished

Notes
Turn   | Place    | Note
-------+----------+-------------------------------------------
     0 | D:1      | MrRokkomies the Deep Elf Fire Elementalist began the quest
                  | for the Orb.
     0 | D:1      | Reached XP level 1. HP: 10/10 MP: 6/6
   102 | D:1      | Reached XP level 2. HP: 12/15 MP: 0/8
   676 | D:1      | Reached skill level 4 in Fire Magic
   681 | D:1      | Reached XP level 3. HP: 13/19 MP: 3/9
  1147 | D:2      | Learned a level 3 spell: Conjure Flame
  1194 | D:2      | Learned a level 3 spell: Inner Flame
  1316 | D:2      | Found a faded altar of an unknown god.
  1413 | D:2      | Reached XP level 4. HP: 23/24 MP: 3/10
  1431 | D:2      | Became a worshipper of Cheibriados the Contemplative
  1431 | D:2      | Reached * piety under Cheibriados
  2354 | D:3      | Reached ** piety under Cheibriados
  2389 | D:3      | Reached skill level 5 in Fire Magic
  2446 | D:3      | Reached XP level 5. HP: 13/28 MP: 4/11
  2882 | D:3      | Learned a level 1 spell: Confusing Touch
  3403 | D:3      | Found a runed translucent door.
  3404 | D:3      | Noticed MalarOregon's ghost (amateur DrCj)
  3443 | D:3      | Noticed Ijyb
  3554 | D:3      | Killed Ijyb
  3659 | D:3      | Found a hazy altar of Hepliaklqana.
  3697 | D:3      | Found a runed translucent door.
  4085 | D:4      | Found a staircase to the Ecumenical Temple.
  4087 | D:4      | Reached *** piety under Cheibriados
  4220 | D:4      | Reached XP level 6. HP: 32/32 MP: 8/13
  4401 | D:4      | Reached skill level 5 in Conjurations
  4403 | D:4      | Reached skill level 6 in Fire Magic
  4645 | D:4      | Learned a level 2 spell: Blink
  5079 | D:4      | Reached XP level 7. HP: 34/36 MP: 10/15
  5093 | D:4      | Learned a level 4 spell: Sticky Flame
  5371 | D:5      | Entered Level 5 of the Dungeon
  5381 | D:5      | Found Atzem's Book Emporium.
  5400 | D:5      | Found a glowing drain.
  5455 | Sewer    | Entered a sewer
  5506 | Sewer    | Noticed Purgy
  5532 | Sewer    | Killed Purgy
  5620 | D:5      | Reached skill level 7 in Fire Magic
  5624 | D:5      | Reached **** piety under Cheibriados
  5876 | D:5      | Reached skill level 5 in Spellcasting
  6282 | D:5      | Found an opulent altar of Gozag.
  6282 | D:5      | Found a faded altar of an unknown god.
  6287 | D:5      | Found a burning altar of Makhleb.
  6289 | D:5      | Found a blossoming altar of Fedhas.
  6290 | D:5      | Found a glowing golden altar of the Shining One.
  6344 | D:6      | Noticed Sigmund
  6351 | D:6      | Reached XP level 8. HP: 33/41 MP: 8/17
  6352 | D:6      | Killed Sigmund
  6539 | D:6      | Found a shimmering altar of Xom.
  6552 | D:6      | Reached skill level 8 in Fire Magic
  7041 | D:6      | Noticed an unseen horror
  7049 | D:6      | Killed an unseen horror
  7049 | D:6      | Reached skill level 5 in Dodging
  7049 | D:6      | Reached skill level 9 in Fire Magic
  7049 | D:6      | Reached XP level 9. HP: 25/45 MP: 11/18
  7400 | D:7      | Reached ***** piety under Cheibriados
  7578 | D:7      | Found a glowing golden altar of the Shining One.
  7602 | D:7      | You fall into a shaft and drop 2 floors!
  7603 | D:9      | Noticed a two-headed ogre
  7603 | D:9      | Noticed a troll
  7607 | D:9      | Slain by a two-headed ogre

Levels and vault maps discovered:
D:1:      eino_arrival_water_star, layout_basic, serial_rivers,
          chequers_serial_rivers_micro_c, chequers_serial_rivers_room_b,
          chequers_serial_rivers_small_3, chequers_serial_rivers_small_3
D:2:      layout_loops_ring, chequers_ecumenical_altar_island,
          minmay_increasing_density
D:3:      layout_basic, marbit_many_paths, ebering_ghost_sewer_f, uniq_ijyb
D:4:      minmay_wonky_spiral, layout_cave_pools, minmay_temple_entry_overgrown
D:5:      layout_cave_pools, chequers_temple_overflow_minitemple, serial_shops,
          nicolae_shop_stone, first_ration, serial_column_ruins,
          column_ruins_circle_large, column_ruins_hut,
          column_ruins_columns_corner, column_ruins_open_small,
          column_ruins_columns_straight, cheibrodos_sewer_entry_drain
D:6:      layout_loops_ring, serial_glass, glass_columns_a, glass_columns_b,
          glass_columns_c, glass_columns_a, glass_columns_a, glass_columns_c,
          glass_columns_a, glass_columns_b, glass_columns_c, glass_columns_b,
          glass_columns_a, glass_columns_a, glass_columns_a, glass_columns_b,
          xom_confusion_cloud, uniq_sigmund
D:7:      layout_loops_ring, basic_altar
D:9:      layout_cave_pools, vehumet_altar_wand_db,
          nicolae_ru_sacrificial_ziggurat, lair_entry_dummy, serial_rivers,
          chequers_serial_rivers_room_b, chequers_serial_rivers_micro_b,
          chequers_serial_rivers_small_a, chequers_serial_rivers_room_a

Skill      XL: |  1  2  3  4  5  6  7  8 |
---------------+-------------------------+-----
Conjurations   | 2 3 4 5 6 8 |  8.9
Fire Magic     | 4 5 6 7 9 |  9.4
Spellcasting   | 4 5 |  5.0
Dodging        | 5 |  5.1
Stealth        | |  2.4

Action                   |  1- 3 |  4- 6 |  7- 9 || total
-------------------------+-------+-------+-------++-------
Melee: Short sword       |    27 |       |       ||    27
       Hand axe          |     3 |       |       ||     3
       Long sword        |       |    61 |    98 ||   159
       Staff             |       |       |    24 ||    24
       Morningstar       |       |       |    16 ||    16
Throw: Dart              |       |     1 |       ||     1
       Javelin           |       |       |     9 ||     9
 Cast: Flame Tongue      |    65 |   122 |    87 ||   274
       Inner Flame       |       |     1 |       ||     1
       Sticky Flame      |       |       |    11 ||    11
       Blink             |       |       |     1 ||     1
Evoke: Wand              |       |     2 |       ||     2
  Use: Scroll            |     1 |     8 |     6 ||    15
       Potion            |       |     5 |     1 ||     6
 Stab: Sleeping          |     2 |     5 |     6 ||    13
       Distracted        |       |       |     1 ||     1
  Eat: Chunk             |     1 |     4 |     6 ||    11
Armor: Robe              |     9 |    14 |    37 ||    60
Dodge: Dodged            |    50 |   144 |   240 ||   434
       Rpst.: Long sword |       |    31 |    58 ||    89

Table legend:
 A = Non-vault XP
 B = Vault XP
 C = Vault XP percentage of total XP
 D = Non-vault monster count
 E = Vault monster count
 F = Vault count percentage of total count
                 A         B        C        D         E       F
            +---------+---------+-------+---------+---------+-------
      Total |    2703 |     706 |  20.7 |     153 |      23 |  13.1
            +---------+---------+-------+---------+---------+-------
        D:1 |      44 |       0 |   0.0 |      26 |       0 |   0.0
        D:2 |     112 |      10 |   8.2 |      27 |       5 |  15.6
        D:3 |     153 |      37 |  19.5 |      34 |       2 |   5.6
        D:4 |     332 |     212 |  39.0 |      19 |       3 |  13.6
        D:5 |     280 |       8 |   2.8 |      16 |       3 |  15.8
        D:6 |    1601 |     274 |  14.6 |      23 |       4 |  14.8
        D:7 |     181 |       0 |   0.0 |       8 |       0 |   0.0
      Sewer |       0 |     165 | 100.0 |       0 |       6 | 100.0
            +---------+---------+-------+---------+---------+-------
